cohdb
Replays
Latest Replays
All Replays
Popular Replays
Top Player Replays
Match Explorer
How It Works
Community
CoH3 Stats
Reddit
Sign in to upload your games and track your stats! →
Sign in with Steam
Match 42339748
Unlisted
Match 42339748
Overview
Messages
Build Orders
End
Construct Barracks
Selects Armored Battlegroup
Selects Assault Engineers
Riflemen Squad
Assault Engineer Squad
Riflemen Squad
Infantry Support Center
Scout Squad
M1918 Browning Automatic Rifles
Assault Engineer Squad
Selects Strength in Steel
Construct Motor Pool
M8 Greyhound Armored Car
Construct Medical Station
Grenade Package
1⁄4-ton 4x4 Truck
Riflemen Squad
Construct Weapon Support Center
Bazooka Squad
Survival Training
Selects Seek and Destroy
Selects UNKNOWN (2160077)
Captain Retinue
Selects Field Repairs
Riflemen Squad
Bazooka Squad
Construct Tank Depot
Selects War Machine
Captain Retinue
M4A3E8 Sherman Easy Eight
1⁄4-ton 4x4 Truck
Sniper
M18 Hellcat Tank Destroyer
Croissant
Loading...
UH|dun! ツ
UH|ck
0
0
Comments
sign in to comment!
No comments posted yet!